 Dungeon Crawl Stone Soup version 0.20.1-1-g8b1a95d (webtiles) character file.

73 LarsimusPrime the Cudgeler (level 4, 0/61 HPs)
             Began as a Minotaur Berserker on Sept 27, 2017.
             Was a Believer of Trog.
             Slain by Sigmund
             ... wielding a +0 scythe of protection
              (9 damage)
             ... on level 2 of the Dungeon.
             The game lasted 00:03:45 (970 turns).

LarsimusPrime the Cudgeler (Minotaur Berserker)      Turns: 970, Time: 00:03:45

Health: 0/61       AC:  2    Str: 27    XL:     4   Next: 8%
Magic:  3/3        EV: 13    Int:  4    God:    Trog [**....]
Gold:   57         SH:  0    Dex: 10    Spells: 3/3 levels left

rFire    . . .     SeeInvis .   a - +0 mace
rCold    . . .     Gourm    .   (no shield)
rNeg     . . .     Faith    .   b - +0 animal skin
rPois    .         Spirit   .   (helmet restricted)
rElec    .         Reflect  .   (no cloak)
rCorr    .         Harm     .   (no gloves)
MR       .....                  (no boots)
Stlth    ..........             (no amulet)
Regen    0.2/turn               (no ring)
MPRegen  0.1/turn               (no ring)

@: berserking (expiring), very quick
A: retaliatory headbutt, horns 2
a: Berserk, Trog's Hand, Burn Spellbooks, Renounce Religion


You were on level 2 of the Dungeon.
You worshipped Trog.
Trog was pleased with you.
You were very hungry.

You visited 1 branch of the dungeon, and saw 2 of its levels.

You collected 57 gold pieces.

Inventory:

Hand Weapons
 a - a +0 mace (weapon)
Armour
 b - a +0 animal skin (worn)
Jewellery
 g - an uncursed amulet of magic regeneration {unknown}
 k - an uncursed ring of protection from fire {unknown}
Scrolls
 e - a scroll of identify {unknown}
 f - a scroll of fog {unknown}
 h - 2 scrolls of fear {unknown}
 j - 2 scrolls of blinking {unknown}
Potions
 d - a potion of brilliance {unknown}
 i - a potion of mutation {unknown}
 m - a potion of degeneration {unknown}
Comestibles
 c - a bread ration
 l - 7 chunks of flesh


   Skills:
 + Level 4.4 Fighting
 + Level 4.6 Maces & Flails
 + Level 2.6 Armour
 + Level 3.1 Dodging
 + Level 0.1 Stealth


You had 3 spell levels left.
You didn't know any spells.

Dungeon Overview and Level Annotations

Branches:
Dungeon (2/15)

Altars:

Annotations:
D:2 Sigmund


Innate Abilities, Weirdness & Mutations

You reflexively headbutt those who attack you in melee.
You have a pair of horns on your head.


Message History

You kill Robin!
Trog accepts your kill. The adder misses you. Something completely misses you.
The hobgoblin closely misses you. The hobgoblin hits you with a club.
* * * LOW HITPOINT WARNING * * *
You barely miss the hobgoblin. You headbutt the hobgoblin.
You kill the hobgoblin!
Trog accepts your kill. The adder misses you. You furiously retaliate!
You headbutt the adder!
You kill the adder!
Trog accepts your kill.
Your Dodging skill increases to level 3!
You have reached level 4!
You feel stronger. The goblin hits you but does no damage.
You thump the hobgoblin!
You kill the hobgoblin!
Trog accepts your kill. Something hits you!
You die...

#....##.# .
#....##.# #..
#....##.#
####..
#.....#.###...
#........##.#
#######...?.###
.
#.###)..###..#
#....)#).....#
#..###@).....#
#..##g))..#...#
#..#.......#...
#..........# ..
............ .
..#.##.....#...
. #. #.....#.).
# ....... .(


You could see a goblin.

Vanquished Creatures
  Robin (D:2)
  An adder (D:2)
  2 oozes (D:1)
  A leopard gecko (D:2)
  10 goblins
  5 hobgoblins
  4 jackals (D:1)
  9 bats
  2 frilled lizards (D:1)
  4 kobolds
  2 rats (D:2)
41 creatures vanquished.

Notes
Turn   | Place    | Note
-------+----------+-------------------------------------------
     0 | D:1      | LarsimusPrime the Minotaur Berserker began the quest for the Orb.
     0 | D:1      | Reached XP level 1. HP: 19/19 MP: 0/0
   197 | D:1      | Reached XP level 2. HP: 24/27 MP: 1/1
   760 | D:1      | Reached XP level 3. HP: 22/33 MP: 2/2
   889 | D:2      | Reached ** piety under Trog
   960 | D:2      | Noticed Sigmund
   960 | D:2      | Noticed Robin
   968 | D:2      | Killed Robin
   969 | D:2      | Reached XP level 4. HP: 9/41 MP: 3/3
   970 | D:2      | Slain by Sigmund

Skill      XL: |  1  2  3 |
---------------+----------+-----
Fighting       | 4 |  4.4
Maces & Flails | 4 |  4.6
Dodging        | 3 |  3.1
Armour         | |  2.6
Stealth        | |  0.1

Action                   |  1- 3 |  4- 6 || total
-------------------------+-------+-------++-------
Melee: Mace              |    65 |     1 ||    66
       Headbutt          |     8 |       ||     8
Invok: Berserk           |     1 |       ||     1
Armor: Animal skin       |    18 |       ||    18
Dodge: Dodged            |    71 |       ||    71
